 Dungeon Crawl Stone Soup version 0.25.0-33-gff14898491 (webtiles) character file.

Game seed: 12733141626025687709

1879 Peloso the Slasher (level 8, -4/62 HPs)
             Began as a Demonspawn Fighter on July 6, 2020.
             Was a Follower of Okawaru.
             Slain by tensugalgo's ghost (10 damage)
             ... on level 5 of the Dungeon.
             The game lasted 00:18:59 (8478 turns).

Peloso the Slasher (Demonspawn Fighter)             Turns: 8478, Time: 00:18:59

Health: -4/62      AC: 12    Str: 16 (18) XL:     8   Next: 91%
Magic:  0/8        EV:  5    Int:  9 (10) God:    Okawaru [*.....]
Gold:   679        SH:  9    Dex: 11 (13) Spells: 7/7 levels left

rFire    . . .     SeeInvis .   a - +0 long sword
rCold    . . .     Gourm    .   c - +0 kite shield
rNeg     . . .     Faith    .   o - +0 chain mail
rPois    .         Spirit   +   (no helmet)
rElec    .         Reflect  .   (no cloak)
rCorr    +         Harm     .   (no gloves)
MR       .....                  (no boots)
Stlth    ..........             p - amulet of guardian spirit
HPRegen  0.20/turn              i - ring of resist corrosion
MPRegen  0.11/turn              s - ring of flight

@: studying Stealth
A: hooves 1, molten scales 1, rot immunity
a: Heroism, Renounce Religion, Evoke Flight


You were on level 5 of the Dungeon.
You worshipped Okawaru.
Okawaru was aware of your devotion.
You were not hungry.

You visited 2 branches of the dungeon, and saw 6 of its levels.
You also visited: Sewer.

You collected 679 gold pieces.

Inventory:

Hand Weapons
 a - a +0 long sword (weapon)
Missiles
 m - 68 bolts
Armour
 b - a +0 scale mail
 c - a +0 kite shield (worn)
 o - a +0 chain mail (worn)
Jewellery
 i - a ring of resist corrosion (left hand)
 p - an amulet of guardian spirit (around neck)
 s - a ring of flight (right hand)
 u - a +6 ring of strength
Wands
 v - a wand of clouds (6)
Scrolls
 e - 6 scrolls of remove curse
 g - 3 scrolls of teleportation {unknown}
 h - a scroll of magic mapping {unknown}
 j - a scroll of fear {unknown}
 k - 6 scrolls of identify {unknown}
 l - a scroll of enchant weapon {unknown}
 t - a scroll of amnesia {unknown}
Potions
 d - a potion of resistance {unknown}
 n - 4 potions of flight
 r - a potion of heal wounds {unknown}
 w - a potion of ambrosia {unknown}
 z - a potion of degeneration
 B - a potion of brilliance {unknown}
Books
 x - a manual of Stealth
Comestibles
 f - 5 rations
 A - a chunk of flesh


   Skills:
 + Level 5.0 Fighting
 + Level 6.3 Long Blades
 + Level 5.6 Armour
 + Level 1.9 Dodging
 + Level 2.2 Stealth
 + Level 5.7 Shields
 + Level 0.1 Evocations


You had 7 spell levels left.
You didn't know any spells.
Your spell library contained the following spells:

 Spells                   Type           Power        Failure   Level  Hunger
 Confusing Touch          Hex            #.......     100%        3    ####...
 Gell's Gravitas          Tloc           #.........   100%        3    ####...
 Petrify                  Tmut/Erth      #.......     100%        4    #####..
 Metabolic Englaciation   Hex/Ice        #.........   100%        5    ######.
 Yara's Violent Unravell  Hex/Tmut       #.........   100%        5    ######.


Dungeon Overview and Level Annotations

Branches:
Dungeon (5/15)             Temple (1/1) D:5           Sewer (visited)

Altars:
Ashenzari
Cheibriados
Dithmenos
Elyvilon
Fedhas
Gozag
Hepliaklqana
Kikubaaqudgha
Makhleb
Nemelex Xobeh
Okawaru
Qazlal
Ru
Sif Muna
Trog
Uskayaw
Vehumet
Wu Jian
Xom
Yredelemnul
Zin
The Shining One

Shops:
D:5 *

Annotations:
D:2 1 transporter
D:5 1 runed translucent door, tensugalgo's ghost, novice HOMo


Innate Abilities, Weirdness & Mutations

You have large cloven feet.
You are partially covered in molten scales. (AC +2)
You are immune to rotting.


Message History

Tensugalgo's ghost is almost destroyed.
You block tensugalgo's ghost's attack.
You hit tensugalgo's ghost.
Tensugalgo's ghost is almost destroyed.
Tensugalgo's ghost hits you.
* * * LOW HITPOINT WARNING * * *
x2 You hit tensugalgo's ghost but do no damage.
Your kick misses tensugalgo's ghost.
Tensugalgo's ghost is almost destroyed.
Tensugalgo's ghost hits you.
* * * LOW HITPOINT WARNING * * *
x2 Tensugalgo's ghost hits you.
* * * LOW HITPOINT WARNING * * *
x2 You feel better.
Tensugalgo's ghost hits you.
* * * LOW HITPOINT WARNING * * *
x2 It was a potion of degeneration.
There was something very wrong with that liquid.
You feel weakened.
You feel dopey.
You feel clumsy. Tensugalgo's ghost hits you!
You die...

#...#≈≈≈#
#.....###...#.#.
#...#≈≈≈#
#...............
#####≈!W#
#.#####..#..#.## #≈S≈#
#.# #..#....... #≈≈≈#
#.# ##.##.....## #≈≈≈#
#.# #..#.......# #≈≈≈#
#.# #.##........
##'#####.###.##(.......
#....W@......###......#
##...######..####...##.
##### #...#######..
###..####...#
##......### ########


You could see tensugalgo's ghost.

Vanquished Creatures
  2 ice beasts (D:5)
  3 sky beasts (D:5)
  2 ogres (D:5)
  A phantom (D:5)
  A centaur (D:5)
  A big kobold (Sewer)
  Blork the orc (D:4)
  Dowan (D:5)
  A howler monkey (D:5)
  A bullfrog zombie (D:5)
  A centaur zombie (D:5)
  3 hounds
  3 orc wizards
  A bullfrog skeleton (D:5)
  A centaur skeleton (D:5)
  An iguana (D:4)
  4 worker ants
  A hound zombie (D:5)
  2 worker ant zombies (D:5)
  4 gnolls
  11 adders
  3 river rats
  A shadow imp (D:3)
  An ooze (D:3)
  An adder skeleton (D:4)
  An adder zombie (D:3)
  3 worms
  4 dart slugs
  6 leopard geckos
  11 orcs
  3 bats
  7 giant cockroaches
  10 goblins
  9 hobgoblins
  13 jackals
  13 kobolds
  2 quokkas
  4 ball pythons
  7 frilled lizards
  A jackal skeleton (D:5)
  A quokka skeleton (D:4)
  7 rats
154 creatures vanquished.

Vanquished Creatures (collateral kills)
  Duvessa (D:5)
1 creature vanquished.

Grand Total: 155 creatures vanquished

Notes
Turn   | Place    | Note
-------+----------+-------------------------------------------
     0 | D:1      | Peloso the Demonspawn Fighter began the quest for the Orb.
     0 | D:1      | Reached XP level 1. HP: 18/18 MP: 1/1
    80 | D:1      | Reached skill level 2 in Long Blades
    94 | D:1      | Gained mutation: You are immune to rotting. [demonic
                  | ancestry]
    94 | D:1      | Reached XP level 2. HP: 12/24 MP: 2/2
   449 | D:1      | Reached XP level 3. HP: 26/29 MP: 3/3
  1173 | D:1      | Gained mutation: You are partially covered in molten
                  | scales. (AC +2) [demonic ancestry]
  1173 | D:1      | Reached XP level 4. HP: 32/35 MP: 4/4
  1973 | D:2      | Reached skill level 3 in Long Blades
  2293 | D:2      | Found a sparkling altar of Nemelex Xobeh.
  2293 | D:2      | Found a transporter.
  2293 | D:2      | Noticed a sky beast
  3737 | D:3      | Reached XP level 5. HP: 29/41 MP: 5/5
  4943 | D:4      | Noticed Blork the orc
  4985 | D:4      | Reached skill level 1 in Stealth
  4985 | D:4      | Gained mutation: You have large cloven feet. [demonic
                  | ancestry]
  4985 | D:4      | Reached XP level 6. HP: 47/48 MP: 6/6
  5068 | D:4      | Killed Blork the orc
  5068 | D:4      | Reached skill level 4 in Long Blades
  5294 | D:4      | Found an opulent altar of Gozag.
  6028 | D:5      | Entered Level 5 of the Dungeon
  6072 | D:5      | Reached skill level 1 in Dodging
  6072 | D:5      | Reached XP level 7. HP: 45/53 MP: 5/7
  6077 | D:5      | Found a glowing drain.
  6102 | Sewer    | Entered a sewer
  6228 | Sewer    | Reached skill level 5 in Long Blades
  6436 | Sewer    | Found a glowing silver altar of Zin.
  6845 | D:5      | Reached XP level 8. HP: 21/60 MP: 2/8
  6851 | D:5      | HP: 3/60 [something/magic dart (4)]
  6853 | D:5      | HP: 1/60 [orc/+0 falchion (1)]
  7067 | D:5      | Found Ficsi's Mass Market.
  7138 | D:5      | Reached skill level 5 in Shields
  7374 | D:5      | Found a staircase to the Ecumenical Temple.
  7390 | D:5      | Reached skill level 6 in Long Blades
  7390 | D:5      | Reached skill level 5 in Armour
  7406 | Temple   | Entered the Ecumenical Temple
  7611 | Temple   | Became a worshipper of Warmaster Okawaru
  7709 | D:5      | Found a runed translucent door.
  7714 | D:5      | Noticed tensugalgo's ghost (novice HOMo)
  7853 | D:5      | Found a runed translucent door.
  7933 | D:5      | Noticed Dowan
  7933 | D:5      | Noticed Duvessa
  7950 | D:5      | Killed Duvessa
  7952 | D:5      | Killed Dowan
  8127 | D:5      | Reached skill level 5 in Fighting
  8283 | D:5      | Reached * piety under Okawaru
  8476 | D:5      | HP: 3/62 [tensugalgo's ghost (1)]
  8476 | D:5      | HP: 1/62 [tensugalgo's ghost (1)]
  8478 | D:5      | Slain by tensugalgo's ghost

Illustrated notes

Levels and vault maps discovered:
D:1:      lightli_arrival_quake, layout_rooms
D:2:      layout_basic, minmay_hedge_maze, grunt_nemelex_the_gamble
D:3:      cheibrodos_old_hovel, layout_rooms
D:4:      layout_basic, serial_glass, glass_columns_b, glass_columns_a,
          first_ration, nicolae_gozag_cash_rules_everything_around_me,
          uniq_blork_the_orc
D:5:      minmay_polygon_palace, layout_basic, minmay_temple_entry_butterflies,
          cheibrodos_sewer_entry_sluice, ebering_ghost_sewer_f,
          minmay_shop_mass, grunt_ministairs_8, minmay_manual_moon, uniq_duvessa
Temple:   kilobyte_greek_temple

Skill      XL: |  1  2  3  4  5  6  7  8 |
---------------+-------------------------+-----
Long Blades    | 2 3 4 5 6 |  6.3
Armour         | 3 4 5 |  5.6
Shields        | 3 4 5 |  5.7
Stealth        | 1 2 |  2.2
Dodging        | 1 |  1.9
Fighting       | 4 5 |  5.0
Evocations     | |  0.1

Action                   |  1- 3 |  4- 6 |  7- 9 || total
-------------------------+-------+-------+-------++-------
Melee: Long sword        |    93 |   314 |   294 ||   701
       Kick              |       |    21 |    87 ||   108
Invok: Heroism           |       |       |     1 ||     1
Evoke: Wand              |       |       |     1 ||     1
  Use: Scroll            |     2 |       |       ||     2
       Potion            |       |       |     7 ||     7
 Stab: Confused          |       |       |     3 ||     3
  Eat: Chunk             |       |    13 |     9 ||    22
       Ration            |       |     1 |       ||     1
Armor: Scale mail        |    43 |   107 |       ||   150
       Chain mail        |       |    85 |   157 ||   242
Dodge: Dodged            |    34 |    99 |    55 ||   188
Block: Kite shield       |    53 |   165 |   160 ||   378
       Rpst.: Long sword |    14 |    32 |    16 ||    62
